AoeStats
← Minerva

Arena

507372999Analyzed
1v1 RM · 2mo ago on Sep 17, 2026· 54m 13s· 2 players
Game mode
Random Map
Map size
Tiny (2 player)
Population
200
Speed
Normal
Resources
Standard
Victory
Conquest
Starting age
Dark Age
Ending age
Imperial Age
RankedLock teamsTeams togetherTeam positionsShared explorationLock speedFull tech treeHidden civsTurbo modeCheats
Victory
Defeat
🇮🇳 Slavs · India
707
+15
vs
🇨🇦 Jurchens · Canada
676
-15
Minerva
9:29 Feudal Age
11:48 Double-Bit Axe
19:52 Castle Age
19:24 Fletching
20:50 Stone Mining
22:23 Stone Shaft Mining
22:19 Bow Saw
28:13 Horse Collar
29:50 Bodkin Arrow
32:43 Loom
34:44 Heavy Plow
38:40 Imperial Age
36:33 Ballistics
36:25 Masonry
38:27 Scale Barding Armor
39:24 Wheelbarrow
38:35 Town Watch
39:22 Fortified Bastions
43:11 Pikeman
47:16 Two-Man Saw
46:01 Halberdier
46:07 Light Cavalry
46:59 Bloodlines
48:47 Siege Engineers
49:32 Elite Fire Lancer
49:59 Hussar
52:40 Chemistry
53:19 Crop Rotation
Addykobain
0:27 Loom
14:37 Feudal Age
16:11 Wheelbarrow
15:38 Double-Bit Axe
17:42 Scale Barding Armor
17:32 Stone Mining
20:26 Castle Age
18:48 Gold Mining
18:53 Horse Collar
21:07 Forging
22:32 Heavy Plow
22:49 Hand Cart
23:08 Masonry
25:27 Chain Barding Armor
26:01 Murder Holes
26:23 Detinets
27:36 Iron Casting
27:06 Fletching
27:27 Detinets
27:36 Detinets
28:44 Bow Saw
29:35 Gold Shaft Mining
29:56 Ballistics
31:19 Bodkin Arrow
31:13 Town Watch
34:43 Imperial Age
32:41 Fortified Wall
33:32 Scale Mail Armor
34:23 Pikeman
35:03 Squires
37:46 Conscription
40:18 Chemistry
39:56 Chain Mail Armor
41:01 Town Patrol
42:08 Blast Furnace
42:07 Halberdier
43:38 Hoardings
44:06 Druzhina
45:07 Crop Rotation
46:13 Plate Mail Armor
46:21 Plate Barding Armor
46:30 Elite Boyar
47:20 Padded Archer Armor
51:22 Man-at-Arms
53:10 Long Swordsman
Connection lost

Rejoining the realm…

Still unreachable

The connection could not be restored.

Session expired

The server has moved on; the page needs a fresh start.